 Dungeon Crawl Stone Soup version 0.29.1-15-g9cfb28693d (webtiles) character file.

Game seed: 13710610979264225665

439 hawla the Cudgeller (level 6, -3/84 HPs)
             Began as a Minotaur Berserker on Mar 9, 2023.
             Was a Follower of Trog.
             Slain by an orc warrior
             ... wielding a +0 scimitar
              (11 damage)
             ... on level 8 of the Dungeon.
             The game lasted 00:05:33 (3542 turns).

hawla the Cudgeller (Minotaur Berserker)            Turns: 3542, Time: 00:05:33

Health: -3/84      AC: 12    Str: 24    XL:     6   Next: 70%
Magic:  5/5        EV: 11    Int:  4    God:    Trog [*.....]
Gold:   123        SH:  0    Dex:  9    Spells: 5/5 levels left

rFire   . . .      SeeInvis .   a - +0 mace
rCold   . . .      Faith    .   (no shield)
rNeg    . . .      Spirit   .   t - +0 plate armour
rPois   .          Reflect  .   (helmet restricted)
rElec   .          Harm     .   (no cloak)
rCorr   .          Rampage  .   (no gloves)
Will    ++...                   (no boots)
Stlth   ..........              f - amulet of the acrobat
HPRegen 1.24/turn               r - +4 ring of evasion
MPRegen 0.09/turn               (no ring)

@: berserking, strong-willed, regenerating, very quick
A: horns 2, retaliatory headbutt
a: Renounce Religion, Berserk


You were on level 8 of the Dungeon.
You worshipped Trog.
Trog was aware of your devotion.
You visited 1 branch of the dungeon, and saw 6 of its levels.

You collected 123 gold pieces.

Inventory:

Hand Weapons
 a - a +0 mace (weapon)
Armour
 t - a +0 plate armour (worn)
Jewellery
 b - a ring of ice
 f - an amulet of the acrobat (around neck)
 g - an amulet of guardian spirit
 r - a +4 ring of evasion (left hand)
 x - a ring of fire
 z - a +6 ring of intelligence
Wands
 n - a wand of digging (6)
 B - a wand of charming (3)
 F - a wand of flame (17)
Scrolls
 e - 2 scrolls of noise
 h - 2 scrolls of butterflies
 j - a scroll of summoning {unknown}
 p - a scroll of vulnerability {unknown}
 s - a scroll of poison {unknown}
 u - 3 scrolls of fear {unknown}
 y - 2 scrolls of amnesia {unknown}
 A - a scroll of immolation {unknown}
 C - 3 scrolls of identify {unknown}
 G - 3 scrolls of teleportation {unknown}
Potions
 c - a potion of heal wounds {unknown}
 d - 6 potions of haste {unknown}
 i - 3 potions of lignification {unknown}
 k - 2 potions of might {unknown}
 l - 2 potions of berserk rage {unknown}
 m - 3 potions of attraction {unknown}
 o - a potion of curing
 q - a potion of flight {unknown}
 v - a potion of brilliance {unknown}
 w - a potion of magic {unknown}
 D - a potion of resistance {unknown}
 E - a potion of mutation {unknown}


   Skills:
 + Level 5.4 Fighting
 + Level 6.3 Maces & Flails
 + Level 4.6 Armour
 + Level 3.2 Dodging
 + Level 0.8 Stealth


You had 5 spell levels left.
You didn't know any spells.
Your spell library was empty.

Dungeon Overview and Level Annotations

Branches:
Dungeon (8/15)             Temple (0/1) D:7
   Lair: D:8-11

Altars:
Kikubaaqudgha
Zin

Annotations:
D:7 2 transporters


Innate Abilities, Weirdness & Mutations

You have a pair of horns on your head.
You reflexively headbutt those who attack you in melee.


Message History

The orc hits you but does no damage.
The bullfrog completely misses your butterfly.
Welcome back, hawla the Minotaur Berserker.
Trog says: Kill them all!
Press ? for a list of commands and other information.
You thump the orc warrior!
The orc warrior is moderately wounded.
The orc warrior hits you but does no damage.
The orc hits you with a +0 dagger.
* * * LOW HITPOINT WARNING * * *
You hit the orc warrior but do no damage.
The orc warrior is moderately wounded.
The orc completely misses you.
The orc warrior hits you with a +0 scimitar!
* * * LOW HITPOINT WARNING * * *
Unknown command.
You closely miss the orc warrior.
The orc warrior is moderately wounded.
The bullfrog hits you.
* * * LOW HITPOINT WARNING * * *
The orc hits you but does no damage. The orc warrior closely misses you.
You hear a screech!
Unknown command.
You are too berserk!
You sock the orc warrior! Your headbutt misses the orc warrior.
The orc warrior is heavily wounded.
The bullfrog closely misses you. You furiously retaliate!
You headbutt the bullfrog. You sock the orc warrior!
Your headbutt misses the orc warrior.
The orc warrior is almost dead.
The bullfrog hits you but does no damage.
The orc warrior hits you but does no damage.
The orc completely misses you. You furiously retaliate!
You headbutt the orc!!
You kill the orc!
Trog accepts your kill.
You barely miss the orc warrior. Your headbutt misses the orc warrior.
The orc warrior is almost dead.
The bullfrog hits you but does no damage.
The orc warrior hits you with a +0 scimitar!
You die...

#+##
#.####..##
#...bbo..+
+...bb@..#
#..###F.##
## #..#
..bb .b...
#......
##+###..
..#


You could see an orc warrior (ally target) and a bullfrog.

Vanquished Creatures
  A steam dragon (D:7)
  A necrophage (D:7)
  2 hounds
  Terence (D:2)
  Jessica (D:2)
  An iguana (D:7)
  An orc wizard (D:7)
  2 adders
  7 orcs
  9 endoplasms
  A giant cockroach (D:1)
  4 hobgoblins (D:1)
  2 jackals (D:2)
  4 kobolds
  A quokka (D:3)
  3 ball pythons
  2 bats
  2 frilled lizards (D:1)
  5 goblins
  5 rats
55 creatures vanquished.

Notes
Turn   | Place    | Note
-------+----------+-------------------------------------------
     0 | D:1      | hawla the Minotaur Berserker began the quest for the Orb.
     0 | D:1      | Reached XP level 1. HP: 19/19 MP: 0/0
    77 | D:1      | Reached XP level 2. HP: 6/27 MP: 1/1
   347 | D:1      | Reached skill level 4 in Maces & Flails
   899 | D:2      | Noticed Terence
   908 | D:2      | Killed Terence
   909 | D:2      | Reached XP level 3. HP: 13/33 MP: 2/2
  1362 | D:2      | Found a glowing silver altar of Zin.
  1380 | D:2      | Reached XP level 4. HP: 35/41 MP: 3/3
  1764 | D:2      | Noticed Jessica
  1765 | D:2      | Killed Jessica
  1766 | D:2      | Reached skill level 5 in Maces & Flails
  1894 | D:2      | Found a faded altar of an unknown god.
  2264 | D:3      | Reached XP level 5. HP: 44/47 MP: 4/4
  2628 | D:4      | You fall into a shaft and drop 3 floors!
  2642 | D:7      | Found a transporter.
  2642 | D:7      | Noticed an orc warrior
  2642 | D:7      | Noticed an orc warrior
  2646 | D:7      | Found a transporter.
  2646 | D:7      | Noticed an orc warrior
  2651 | D:7      | Noticed a steam dragon
  2660 | D:7      | Killed a steam dragon
  2661 | D:7      | Reached skill level 5 in Fighting
  2661 | D:7      | Reached skill level 6 in Maces & Flails
  2661 | D:7      | Reached XP level 6. HP: 39/56 MP: 5/5
  2957 | D:7      | Found an ancient bone altar of Kikubaaqudgha.
  3407 | D:7      | Found a staircase to the Ecumenical Temple.
  3520 | D:7      | Noticed an orc warrior
  3533 | D:8      | Reached ** piety under Trog
  3542 | D:8      | Slain by an orc warrior

Illustrated notes

Levels and vault maps discovered:
D:1:      heliophobic_arrival_dark_side_of_the_moon, layout_rooms
D:2:      layout_basic, dilly_ecumenical_altar_fadedgnrine, basic_altar,
          serial_bayou_pond_a, minmay_split_cup_small, uniq_jessica,
          uniq_terence
D:3:      layout_loops_cross
D:4:      layout_cave_pods, mainiacjoe_overflow_brackets,
          nicolae_shop_firing_range, uniq_ijyb, uniq_menkaure
D:7:      gammafunk_beogh_shrine, layout_basic,
          nicolae_kikubaaqudgha_miasma_corner, minmay_temple_entry_mini_moons,
          nicolae_lava_and_water
D:8:      layout_gridville, nicolae_uskayaw_en_pointe,
          nicolae_overflow_hidden_temple, uniq_amaemon

Skill      XL: |  1  2  3  4  5  6 |
---------------+-------------------+-----
Maces & Flails | 4 5 6 |  6.3
Fighting       | 4 5 |  5.4
Armour         | 3 4 |  4.6
Dodging        | 3 |  3.2
Stealth        | |  0.8

Action                   |  1- 3 |  4- 6 || total
-------------------------+-------+-------++-------
Melee: Mace              |    64 |   102 ||   166
       Headbutt          |     7 |    10 ||    17
Throw: Javelin           |       |     3 ||     3
Invok: Berserk           |       |     1 ||     1
       Trog's Hand       |       |     1 ||     1
Evoke: Wand              |       |     1 ||     1
  Use: Potion            |     1 |     1 ||     2
       Scroll            |       |     2 ||     2
Armor: Animal skin       |     6 |       ||     6
       Ring mail         |    10 |       ||    10
       Plate armour      |       |    67 ||    67
Dodge: Dodged            |    50 |    70 ||   120
